 Dungeon Crawl Stone Soup version 0.29.1-1-gd02db6906a (webtiles) character file.

Game seed: 13226481440997981374

4 SINSOJ the Trooper (level 1, 0/20 HPs)
             Began as a Minotaur Berserker on Oct 20, 2022.
             Was a Follower of Trog.
             Slain by a kobold
             ... wielding a +0 short sword
              (4 damage)
             ... on level 1 of the Dungeon.
             The game lasted 00:00:08 (44 turns).

SINSOJ the Trooper (Minotaur Berserker)               Turns: 44, Time: 00:00:09

Health: 0/20       AC:  2    Str: 21    XL:     1   Next: 58%
Magic:  0/0        EV: 12    Int:  4    God:    Trog [*.....]
Gold:   14         SH:  0    Dex:  9    Spells: 0/0 levels left

rFire   . . .      SeeInvis .   a - +0 mace
rCold   . . .      Faith    .   (no shield)
rNeg    . . .      Spirit   .   b - +0 animal skin
rPois   .          Reflect  .   (helmet restricted)
rElec   .          Harm     .   (no cloak)
rCorr   .          Rampage  .   (no gloves)
Will    .....                   (no boots)
Stlth   +.........              (no amulet)
HPRegen 0.06/turn               (no ring)
MPRegen 0.07/turn               (no ring)

@: no status effects
A: horns 2, retaliatory headbutt
a: Renounce Religion, Berserk


You were on level 1 of the Dungeon.
You worshipped Trog.
Trog was aware of your devotion.
You visited 1 branch of the dungeon, and saw 1 of its levels.

You collected 14 gold pieces.

Inventory:

Hand Weapons
 a - a +0 mace (weapon)
Armour
 b - a +0 animal skin (worn)


   Skills:
 + Level 3.8 Fighting
 + Level 3.8 Maces & Flails
 + Level 2.5 Armour
 + Level 2.2 Dodging


You couldn't memorise any spells.
You didn't know any spells.
Your spell library was empty.

Dungeon Overview and Level Annotations

Branches:
Dungeon (1/15)

Altars:


Innate Abilities, Weirdness & Mutations

You have a pair of horns on your head.
You reflexively headbutt those who attack you in melee.


Message History

Found 7 gold pieces.
The kobold shouts!
The kobold throws a stone.
The stone hits you. The goblin barely misses you.
You closely miss the goblin. The goblin misses you.
You thump the goblin!
You kill the goblin!
Trog accepts your kill. The hobgoblin closely misses you. The rat bites you.
You hit the hobgoblin but do no damage. You headbutt the hobgoblin.
The hobgoblin is severely wounded.
The rat completely misses you. The hobgoblin hits you.
A goblin comes into view. It is wielding a +0 dagger.
The hobgoblin closely misses you. The rat bites you.
You barely miss the hobgoblin.
The hobgoblin is severely wounded.
The hobgoblin closely misses you. You furiously retaliate!
You headbutt the hobgoblin.
You kill the hobgoblin!
Trog accepts your kill. The rat bites you but does no damage.
A kobold comes into view. It is wielding a +0 dagger.
The rat twitches its whiskers.
The rat barely misses you.
You see here a hobgoblin corpse.
The kobold shouts!
The goblin shouts!
The rat bites you.
A frilled lizard comes into view.
The kobold hits you with a +0 short sword.
The rat misses you. You furiously retaliate!
You headbutt the rat!
You kill the rat!
Trog accepts your kill. The kobold barely misses you.
You see here 4 stones.
The kobold hits you with a +0 short sword.
* * * LOW HITPOINT WARNING * * *
The kobold completely misses you. The kobold attacks as you move away!
The kobold hits you with a +0 dagger.
* * * LOW HITPOINT WARNING * * *
The kobold hits you with a +0 short sword.
You die...

PPP~~♣♣~# #.............
.P.~~.P~# #.....$.......
♣.♣~~♣♣~# #.............
~~~~~♣♣~# #..$..........
....~P♣~# #.............
###.~~~~#####.............
#§#.....'..# #...K........
###.~~~~##.# #)..g....#
....~.P~##.# #.†@K....#
~~~~~♣♣~##.###........#
♣♣P~~PP~##............#
♣♣♣~~.♣~##............# P
♣~~P♣~##............#
PPP~~P♣~#######.........
.♣P~~PP~ ###.......#
♣P.~~P.~ ######...


You could see a goblin and 2 kobolds.

Vanquished Creatures
  A giant cockroach (D:1)
  A goblin (D:1)
  A hobgoblin (D:1)
  A rat (D:1)
4 creatures vanquished.

Notes
Turn   | Place    | Note
-------+----------+-------------------------------------------
     0 | D:1      | SINSOJ the Minotaur Berserker began the quest for the Orb.
     0 | D:1      | Reached XP level 1. HP: 19/19 MP: 0/0
    44 | D:1      | Slain by a kobold

Illustrated notes

Levels and vault maps discovered:
D:1:      lightli_arrival_farm, layout_basic,
          dreamdust_ecumenical_altar_angels_and_demons

Action                   || total
-------------------------++-------
Melee: Mace              ||     5
       Headbutt          ||     1
Armor: Animal skin       ||     1
Dodge: Dodged            ||    10
